Map: Ruines d’Endion

Players

FOSQASHi - Winner!

  • Race: Terran Terran
  • League: Gold
  • Spawn Location: 5:00

zidar

  • Race: Zerg Zerg
  • League: Gold
  • Spawn Location: 7:00

VOD

Have the link to the VOD?

Description

Time

  • Played on: June 12, 2016, 12:27 p.m.
  • Length: 12:56
Show
View Real Time Build Order
Export as new Build Order

FOSQASHi Terran - Winner!

Build Orders: Reaper Expand 

Get SALT Encoding   

  12  0:00  SCV  
  13  0:13  SCV  
  14  0:19  Supply Depot  
  14  0:25  SCV  
  15  0:40  SCV  
  15  0:41  Barracks  
  16  0:48  Refinery  
  16  0:53  SCV  
  17  1:05  SCV  
  18  1:17  SCV  
  19  1:29  Orbital Command  
  19  1:31  Reaper  
  20  1:42  Command Center  
  20  1:52  Supply Depot  
  20  1:57  SCV  
  21  2:06  Marine  
  22  2:09  Barracks  
  22  2:15  SCV  
  23  2:27  SCV  
  24  2:31  Barracks Reactor  
  24  2:35  Refinery  
  24  2:38  Factory  
  24  2:40  SCV  
  25  2:58  SCV  
  26  3:03  Barracks Tech Lab  
  26  3:14  SCV  
  27  3:26  SCV, Orbital Command  
  28  3:27  Marine x2  
  28  3:28  Factory Reactor  
  28  3:33  Starport  
  30  3:38  Stimpack  
  30  3:39  Marine  
  31  3:42  Bunker  
  31  3:43  SCV  
  31  3:47  Marine x2  
  33  3:52  Engineering Bay  
  33  3:53  SCV  
  34  4:00  SCV  
  35  4:04  Marine, Supply Depot  
  35  4:05  Marine x2  
  38  4:10  SCV  
  39  4:18  Medivac x2  
  39  4:21  SCV  
  46  4:25  Marine x3  
  46  4:27  Widow Mine  
  46  4:30  Supply Depot  
  49  4:41  SCV  
  49  4:44  Refinery  
  50  4:46  SCV  
  50  4:49  Supply Depot, Terran Infantry Weapons Level 1  
  50  4:51  Marine  
  50  4:52  Marine x2  
  55  4:55  Widow Mine  
  55  4:58  Supply Depot  
  55  4:59  SCV x2  
  58  5:19  SCV x2  
  60  5:24  Marine x2  
  60  5:25  Medivac  
  60  5:26  Factory Tech Lab  
  66  5:28  Marauder  
  66  5:34  Supply Depot  
  66  5:38  Barracks  
  66  5:39  Combat Shield, Supply Depot  
  66  5:42  SCV x2  
  68  5:48  Liberator  
  68  6:03  Marine x3  
  71  6:04  Siege Tank  
  74  6:20  Marine  
  74  6:21  Marine, Marauder  
  77  6:33  Barracks Tech Lab, Medivac  
  76  6:40  Barracks, Siege Tank, Supply Depot  
  76  6:46  Marine x3  
  82  6:51  SCV x2  
  84  7:03  Marine x2, SCV  
  84  7:05  Command Center  
  87  7:10  SCV  
  87  7:14  Refinery  
  88  7:19  Supply Depot  
  88  7:25  Marine x3  
  88  7:26  Siege Tank  
  94  7:30  SCV x2  
  96  7:38  Supply Depot  
  77  7:49  Missile Turret  
  76  7:52  Missile Turret  
  76  7:55  Missile Turret  
  76  7:58  Missile Turret  
  76  8:00  Marine, Barracks Reactor  
  76  8:02  Missile Turret  
  76  8:04  Marine x3  
  80  8:07  Siege Tank  
  80  8:18  Marine  
  81  8:29  SCV x2  
  81  8:30  Marine x2  
  81  8:31  Marauder  
  81  8:32  Medivac x2  
  91  8:41  Armory  
  91  8:48  Orbital Command  
  91  8:50  SCV  
  91  8:51  SCV  
  91  8:53  Marine  
  91  8:54  Marine x2  
  91  8:55  Marauder, Siege Tank  
  101  9:00  Marine x2  
  103  9:03  Medivac x2  
  103  9:07  SCV x2  
  109  9:12  Refinery  
  109  9:17  SCV  
  109  9:19  SCV  
  109  9:22  Marine x2  
  109  9:23  Marine x2  
  109  9:24  Marauder x2  
  117  9:28  Terran Infantry Weapons Level 2  
  119  9:33  Medivac x2  
  123  9:40  Marine x2  
  123  9:45  Marine x2, SCV x3  
  127  9:46  Marine, Marauder, Liberator  
  127  9:47  Siege Tank  
  126  9:52  Terran Vehicle Weapons Level 1  
  126  9:56  Supply Depot  
  126  9:57  Missile Turret, Supply Depot  
  126  10:04  Marauder  
  131  10:10  Missile Turret  
  131  10:12  SCV x2  
  132  10:15  Missile Turret  
  132  10:17  Missile Turret  
  132  10:23  Refinery  
  132  10:24  SCV x2  
  132  10:25  Missile Turret  
  132  10:27  SCV  
  132  10:28  Marine x4  
  137  10:29  Marauder x2, Siege Tank  
  137  10:30  Medivac  
  148  10:39  Supply Depot  
  148  10:42  SCV  
  149  10:47  Supply Depot  
  149  10:48  Supply Depot  
  149  10:51  Supply Depot  
  149  10:52  Liberator  
  149  11:00  Marine x5, Marauder, SCV  
  157  11:06  Supply Depot  
  157  11:09  Thor, SCV x2  
  157  11:10  Supply Depot  
  168  11:13  Missile Turret  
  168  11:16  SCV  
  168  11:18  Marine x2  
  171  11:32  Marine x2  
  173  11:33  Marauder  
  173  11:34  Marauder  
  173  11:39  SCV x3  
  180  11:40  Marine x2  
  182  11:50  Marine  
  183  11:54  Marine x2, Marauder  
  187  12:13  Marauder  
Show
View Real Time Build Order
Export as new Build Order

zidar Zerg 

Build Orders: Hatch First, Muta Ling Bane 

Get SALT Encoding   

  12  0:01  Drone  
  13  0:12  Overlord  
  13  0:17  Drone  
  14  0:45  Drone x3  
  17  0:57  Hatchery  
  17  0:59  Drone  
  17  1:03  Extractor  
  16  1:10  Drone  
  17  1:28  Spawning Pool, Drone  
  17  1:32  Drone  
  18  1:40  Drone  
  19  1:50  Overlord  
  19  2:00  Drone  
  20  2:15  Metabolic Boost  
  20  2:16  Queen  
  20  2:18  Queen  
  23  2:29  Drone x2  
  25  2:35  Drone x2  
  27  2:38  Drone  
  28  2:49  Zergling x2  
  28  2:50  Zergling x4  
  31  3:35  Drone x5  
  36  3:57  Pneumatized Carapace  
  36  3:59  Lair  
  36  4:07  Overlord x4, Baneling Nest  
  35  4:18  Drone  
  36  4:24  Extractor  
  36  4:26  Extractor, Drone x5  
  36  4:29  Extractor  
  38  4:39  Queen  
  39  5:06  Drone x6  
  39  5:07  Hatchery, Spire  
  44  5:08  Drone  
  44  5:09  Drone x3  
  47  5:33  Evolution Chamber x2  
  40  5:50  Zergling x20  
  34  6:26  Mutalisk x3, Zergling x10  
  45  6:42  Drone x3  
  48  6:54  Drone x3  
  48  6:57  Queen, Baneling Nest  
  48  6:59  Zerg Flyer Weapons Level 1  
  52  7:01  Mutalisk x4  
  60  7:09  Drone  
  60  7:11  Drone x4  
  65  7:22  Queen  
  67  7:32  Drone x2  
  69  7:55  Zergling x8  
  69  7:57  Baneling x9  
  69  7:58  Centrifical Hooks  
  73  8:04  Overlord x3  
  73  8:05  Overlord x4  
  69  8:32  Zergling x18  
  78  8:34  Zerg Melee Weapons Level 1  
  78  8:44  Extractor, Evolution Chamber  
  78  8:45  Drone x3  
  79  8:57  Drone x6  
  85  9:12  Zerg Ground Armor Level 1  
  85  9:14  Zerg Flyer Weapons Level 2  
  85  9:17  Drone x4  
  89  9:24  Infestation Pit  
  88  10:11  Zergling x22  
  88  10:12  Zergling x18  
  108  10:14  Baneling  
  108  10:16  Baneling x8  
  108  10:17  Baneling x2  
  108  10:28  Hive  
  108  10:29  Zerg Melee Weapons Level 2  
  108  10:44  Extractor, Drone x3  
  108  10:47  Extractor, Drone  
  108  10:48  Drone x4  
  114  10:59  Hatchery  
  114  11:03  Drone x4  
  117  11:16  Drone x3  
  120  11:19  Drone  
  120  11:22  Zergling x2  
  120  11:23  Zergling x14  
  129  11:47  Ultralisk Cavern  
  128  11:55  Baneling x10  
  128  11:56  Baneling x14  
  128  12:01  Overlord x4  
  97  12:29  Zergling x26  
  86  12:30  Zergling x18  
Tags
 
Add a new tag
Caveats
  • Supply blocks, unpowered buildings, or Contaminate may cause inaccurate times.
  • Supply counts are checked every 10 seconds.